 Dungeon Crawl Stone Soup version 0.18.1-8-gdd0e5ea (webtiles) character file.

944 Gargoyl the Covered (level 7, -2/55 HPs)
             Began as a Demonspawn Abyssal Knight on May 26, 2016.
             Was a Priest of Lugonu.
             Slain by an earth elemental (18 damage)
             ... summoned by a deep elf mage
             ... on level 7 of the Dungeon.
             The game lasted 00:12:40 (6742 turns).

Gargoyl the Covered (Demonspawn Abyssal Knight)     Turns: 6742, Time: 00:12:41

Health: -2/55      AC: 17    Str: 14 (15) XL:     7   Next: 88%
Magic:  8/8        EV:  8    Int: 17 (19) God:    Lugonu [***...]
Gold:   216        SH:  0    Dex:  9 (12) Spells: 0 memorised, 6 levels left

rFire  + + .     SeeInvis .     y - +2 broad axe
rCold  . . .     Gourm    .     A - +0 chain mail
rNeg   . . .     Faith    +     (no shield)
rPois  .         Spirit   .     (helmet restricted)
rElec  .         Dismiss  .     h - +0 cloak
rCorr  .         Reflect  .     m - +2 pair of gloves
SustAt .         Harm     .     x - +2 pair of boots
MR     .....                    d - amulet of faith
Stlth  ..........               r - +4 ring of intelligence
                                w - ring of protection from fire

@: about to teleport, not resistant to hostile enchantments, extremely
unstealthy
A: antennae 2, claws 1, hooves 1, clever 1, fire resistance 1, powered by pain
2, sturdy frame 1
a: Depart the Abyss, Bend Space, Banish, Renounce Religion


You were on level 7 of the Dungeon.
You worshipped Lugonu.
Lugonu was most pleased with you.
You were hungry.

You visited 1 branch of the dungeon, and saw 7 of its levels.
You visited the Abyss 1 time.
You also visited: Bailey.

You collected 216 gold pieces.

Inventory:

Hand Weapons
 k - a +0 spear
 o - a +0 halberd of chopping
 y - a +2 broad axe (weapon)
Missiles
 j - 29 poisoned needles
 s - 5 tomahawks (quivered)
Armour
 h - a +0 cloak (worn)
 m - a +2 pair of gloves (worn)
 x - a +2 pair of boots (worn)
 A - a +0 chain mail (worn)
Jewellery
 d - an amulet of faith (around neck)
 q - an uncursed amulet of magic regeneration {unknown}
 r - a +4 ring of intelligence (right hand)
 w - a ring of protection from fire (left hand)
Wands
 l - a wand of random effects (13/48)
 v - a wand of random effects (36/48)
Scrolls
 i - a scroll of recharging
 u - a scroll of amnesia
 B - a scroll of remove curse
Potions
 e - 2 potions of degeneration
 C - a potion of brilliance
Books
 p - a book of the Sky

   Spells                             Type                      Level
   a - Summon Lightning Spire         Summoning/Air                4
   b - Airstrike                      Air                          4
   c - Silence                        Hexes/Air                    5
   d - Deflect Missiles               Charms/Air                   6
   e - Conjure Ball Lightning         Conjuration/Air              6
   f - Tornado                        Air                          9
Comestibles
 c - 2 bread rations
 f - a meat ration
 g - 3 slices of pizza
 t - 3 fruits


   Skills:
 + Level 4.5 Fighting
 + Level 4.2 Axes
 * Level 5.7 Armour
 + Level 3.2 Dodging
 + Level 0.6 Stealth
 + Level 2.6 Invocations


You had 6 spell levels left.
You didn't know any spells.

Dungeon Overview and Level Annotations

Branches:
Dungeon (7/15)             Temple (0/1) D:7

Altars:
Cheibriados
Elyvilon
Fedhas
Gozag
Makhleb
Sif Muna
Vehumet
Yredelemnul

Annotations:
D:4 onursoysal's ghost, amateur CeHu


Innate Abilities, Weirdness & Mutations

You have a pair of antennae on your head.
You have sharp fingernails.
You have large cloven feet.
You sometimes gain power by taking damage.
Your mind is acute. (Int +2)
Your flesh is heat resistant.
Your movements are slightly less encumbered by armour (ER -2).


Message History

Unknown command.
Read which item? (? for menu, Esc to quit)
As you read the scroll of teleportation, it crumbles to dust.
You feel strangely unstable.
The deep elf mage hits you with a rapier.
The deep elf mage completely misses you.
Your unstable footing causes you to fumble your attack.
The deep elf mage gestures wildly while chanting.
The earth elemental hits you!
* * * LOW HITPOINT WARNING * * *
The deep elf mage barely misses you.
The deep elf mage hits you but does no damage.
Unknown command.
You barely miss the deep elf mage.
You hit the earth elemental but do no damage. x2
You hit the deep elf mage.
The deep elf mage is severely wounded.
The deep elf mage completely misses you.
The earth elemental hits you!!
You die...

## ############# #.
...........## #.
#.###.###..##### #.
#..............# #.
#..≈≈≈≈≈≈≈.###.# #.
#..§#####≈.###.# ##
#.EE#...#≈.....#
#[E@eE∩.#≈..#### #
#.e≈#.§.#≈..# #
#..e#####≈..# #
##.≈≈≈≈≈≈≈.## #
#.........# #
.#..#...#.#########
..+.................
..####...#.#########
.# ##....# #....


You could see 2 earth elementals, 3 deep elf magi and 2 fire elementals.

Vanquished Creatures
  A water moccasin (D:7)
  A black bear (D:6)
  A necrophage (D:6)
  A centaur (D:6)
  A giant frog (D:6)
  A scorpion (D:5)
  2 hounds
  A crimson imp (D:5)
  A giant frog zombie (D:5)
  An orc wizard (D:7)
  Crazy Yiuf (D:2)
  A giant frog skeleton (D:6)
  An iguana (D:6)
  2 worker ants
  7 gnolls
  2 adders
  3 shadow imps
  2 oozes (D:3)
  An adder skeleton (D:6)
  3 giant geckos
  6 orcs
  4 bats
  4 giant cockroaches
  10 goblins
  5 hobgoblins
  3 jackals (D:7)
  A quokka (D:7)
  A giant cockroach zombie (D:5)
  3 giant newts
  2 gnoll zombies (D:2)
  6 kobolds
  7 rats
86 creatures vanquished.

Notes
Turn   | Place    | Note
--------------------------------------------------------------
     0 | Abyss:1  | Gargoyl the Demonspawn Abyssal Knight began the quest for the Orb.
     0 | Abyss:1  | Reached XP level 1. HP: 18/18 MP: 2/2
    19 | Abyss:2  | Found a corrupted altar of Lugonu.
    53 | Abyss:2  | Noticed a wretched star
    62 | Abyss:2  | Noticed a bone dragon
    66 | Abyss:2  | Noticed a large abomination
    69 | Abyss:2  | Noticed a phantasmal warrior
    70 | D:1      | Escaped the Abyss
   337 | D:1      | Reached skill level 1 in Dodging
   677 | D:1      | Reached * piety under Lugonu
   677 | D:1      | Reached skill level 2 in Armour
   943 | D:2      | Gained mutation: You have sharp fingernails. [demonic ancestry]
   943 | D:2      | Reached XP level 2. HP: 24/24 MP: 3/3
  1459 | D:3      | Gained mutation: You have a pair of small antennae on your head. [demonic ancestry]
  1459 | D:3      | Reached XP level 3. HP: 20/29 MP: 4/4
  1862 | D:2      | Found a basalt altar of Yredelemnul.
  2103 | D:2      | Noticed Crazy Yiuf
  2109 | D:2      | Gained mutation: Your flesh is heat resistant. [potion of mutation]
  2109 | D:2      | Gained mutation: Your movements are slightly less encumbered by armour (ER -2). [potion of mutation]
  2109 | D:2      | Gained mutation: Your mind is acute. (Int +2) [potion of mutation]
  2112 | D:2      | Killed Crazy Yiuf
  2112 | D:2      | Reached skill level 3 in Armour
  2112 | D:2      | Gained mutation: You have large cloven feet. [demonic ancestry]
  2112 | D:2      | Reached XP level 4. HP: 4/35 MP: 5/5
  2779 | D:2      | HP: 1/35 [gnoll/spear (1)]
  2923 | D:2      | Reached ** piety under Lugonu
  3420 | D:3      | Gained mutation: You sometimes gain a little power by taking damage. [demonic ancestry]
  3420 | D:3      | Reached XP level 5. HP: 41/41 MP: 6/6
  3989 | D:4      | Found an opulent altar of Gozag.
  3989 | D:4      | Found a white marble altar of Elyvilon.
  3990 | D:4      | Found a snail-covered altar of Cheibriados.
  4004 | D:4      | Noticed onursoysal's ghost (amateur CeHu)
  4040 | D:5      | Entered Level 5 of the Dungeon
  4721 | D:5      | Gained mutation: You sometimes gain power by taking damage. [demonic ancestry]
  4721 | D:5      | Reached XP level 6. HP: 36/48 MP: 7/7
  4920 | D:5      | Reached skill level 4 in Armour
  4947 | D:5      | Found a radiant altar of Vehumet.
  4947 | D:5      | Found a burning altar of Makhleb.
  5172 | D:6      | Found a blossoming altar of Fedhas.
  5575 | D:6      | Gained mutation: You have a pair of antennae on your head. [demonic ancestry]
  5575 | D:6      | Reached XP level 7. HP: 43/53 MP: 8/8
  5761 | D:6      | Reached skill level 5 in Armour
  5851 | D:6      | Found a deep blue altar of Sif Muna.
  6243 | D:7      | Reached *** piety under Lugonu
  6264 | D:7      | Found a staircase to the Ecumenical Temple.
  6444 | D:7      | Found a flagged portal.
  6494 | Bailey   | Entered a bailey
  6721 | Bailey   | Noticed a deep elf mage
  6721 | Bailey   | Noticed a deep elf mage
  6727 | Bailey   | Noticed a deep elf mage
  6729 | Bailey   | Noticed a fire elemental
  6731 | Bailey   | Noticed a fire elemental
  6742 | D:7      | Noticed a fire elemental
  6742 | D:7      | Noticed a fire elemental
  6742 | D:7      | Slain by an earth elemental

Skill      XL: |  1  2  3  4  5  6  7 |
---------------+----------------------+-----
Dodging        | 1 2 3 |  3.2
Armour         | 2 3 4 5 |  5.7
Axes           | 2 3 4 |  4.2
Fighting       | 4 |  4.5
Stealth        | |  0.6
Invocations    | |  2.6

Action                   |  1- 3 |  4- 6 |  7- 9 || total
-------------------------+-------+-------+-------++-------
Melee: Hand axe          |    31 |       |       ||    31
       War axe           |    59 |    79 |       ||   138
       Kick              |       |    25 |       ||    25
       Broad axe         |       |   109 |    89 ||   198
Invok: Depart the Abyss  |     1 |       |       ||     1
Evoke: Wand              |       |     1 |       ||     1
  Use: Potion            |     3 |     2 |     5 ||    10
       Scroll            |       |    16 |     3 ||    19
  Eat: Chunk             |     3 |    10 |     3 ||    16
       Fruit             |       |     3 |       ||     3
Armor: Leather armour    |     5 |       |       ||     5
       Ring mail         |    34 |       |       ||    34
       Scale mail        |     6 |    58 |       ||    64
       Skin              |     1 |       |       ||     1
       Chain mail        |       |    91 |   116 ||   207
Dodge: Dodged            |    60 |   128 |    75 ||   263
